MWL (24 & UNDER)
ERIE JAXX @ MINNESOTA DEATH STARS
06/15/2023
 
TOP OF THE 1ST
Erie Jaxx batting - Pitching for Minnesota Death Stars : RHP Júlio Ruíz
Pitching: RHP Júlio Ruíz
Batting: LHB Don Hull 0-0: Ball
1-0: Ball
2-0: Ball
3-0: Base on Balls
Batting: SHB Héctor Barajas 0-0: Ball
1-0: Swinging Strike
1-1: Called Strike
1-2: Strikes out swinging
Batting: LHB Jesús González 0-0: Called Strike
0-1: Ball
1-1: Swinging Strike
1-2: Strikes out swinging
Batting: SHB Pedro Martínez 0-0: Called Strike
Don Hull is caught stealing 2nd base
Top of the 1st over - 0 run(s), 0 hit(s), 0 error(s), 0 left on base; Erie 0 - Minnesota 0
BOTTOM OF THE 1ST
Minnesota Death Stars batting - Pitching for Erie Jaxx : RHP Manny Pérez
Pitching: RHP Manny Pérez
Batting: SHB Boys van der Lack 0-0: Foul Ball, location: 2F
0-1: Foul Ball, location: 2F
0-2: Foul Ball, location: 2F
0-2: Foul Ball, location: 2F
0-2: Fly out, F7 (Flyball, 7S)
Batting: RHB Jorge Martínez 0-0: Ball
1-0: Ground out 1-3 (Groundball, 56S)
Batting: LHB Chris Loudermilk 0-0: Ball
1-0: Swinging Strike
1-1: SINGLE (Line Drive, 56D)
Batting: RHB Manny Clemente 0-0: Called Strike
0-1: Called Strike
0-2: Ball
Chris Loudermilk steals 2nd base
1-2: Strikes out swinging
Bottom of the 1st over - 0 run(s), 1 hit(s), 0 error(s), 1 left on base; Erie 0 - Minnesota 0
TOP OF THE 2ND
Erie Jaxx batting - Pitching for Minnesota Death Stars : RHP Júlio Ruíz
Batting: SHB Pedro Martínez 0-0: Foul Ball, location: 2F
0-1: Foul Ball, location: 2F
0-2: Foul Ball, location: 2F
0-2: Strikes out swinging
Batting: LHB Mark Everett 0-0: Ball
1-0: SINGLE (Line Drive, 34)
Batting: RHB Luis Alvarado 0-0: Foul Ball, location: 2F
0-1: Ball
1-1: Foul Ball, location: 2F
1-2: Fly out, F9 (Flyball, 89M)
Batting: RHB Luis Alou 0-0: Ball
1-0: Swinging Strike
Passed Ball!
Mark Everett to second
1-1: Ball
2-1: Swinging Strike
2-2: Ball
3-2: Base on Balls
Batting: RHB Bo Vickers 0-0: Ball
1-0: Ball
2-0: Fly out, F7 (Flyball, 78M)
Top of the 2nd over - 0 run(s), 1 hit(s), 0 error(s), 2 left on base; Erie 0 - Minnesota 0
BOTTOM OF THE 2ND
Minnesota Death Stars batting - Pitching for Erie Jaxx : RHP Manny Pérez
Batting: RHB Herb Ashley 0-0: Called Strike
0-1: Ball
1-1: Ball
2-1: Ball
3-1: Called Strike
3-2: Foul Ball, location: 2F
3-2: Ground out 6-3 (Groundball, 6)
Batting: RHB John Brown 0-0: Fly out, F9 (Popup, 89S)
Batting: RHB Peter Dixon 0-0: Swinging Strike
0-1: Called Strike
0-2: Ground out 5-3 (Groundball, 56)
Bottom of the 2nd over - 0 run(s), 0 hit(s), 0 error(s), 0 left on base; Erie 0 - Minnesota 0
TOP OF THE 3RD
Erie Jaxx batting - Pitching for Minnesota Death Stars : RHP Júlio Ruíz
Batting: RHB Steve Clifton 0-0: Ball
1-0: Called Strike
1-1: Ground out 6-3 (Groundball, 6)
Batting: LHB Don Hull 0-0: Fly out, F5 (Popup, 5SF)
Batting: SHB Héctor Barajas 0-0: Called Strike
0-1: Ball
1-1: Ball
2-1: Foul Ball, location: 2F
2-2: Foul Ball, location: 2F
2-2: Ball
3-2: Base on Balls
Batting: LHB Jesús González 0-0: Ball
1-0: Called Strike
1-1: Ball
2-1: Ball
3-1: Called Strike
3-2: Foul Ball, location: 2F
3-2: Base on Balls
Héctor Barajas to second
Batting: SHB Pedro Martínez 0-0: Ball
1-0: SINGLE (Groundball, 4MD)
Héctor Barajas to third
Jesús González to second
Runner from 3rd tries for Home, SAFE, throw made home
Batting: LHB Mark Everett 0-0: Ball
1-0: Swinging Strike
1-1: Foul Ball, location: 2F
1-2: Ball
2-2: Ball
3-2: Base on Balls
Jesús González to third
Pedro Martínez to second
Batting: RHB Luis Alvarado 0-0: Ball
1-0: Ball
2-0: Foul Ball, location: 2F
2-1: Swinging Strike
2-2: Foul Ball, location: 2F
2-2: Ball
3-2: SINGLE (Line Drive, 7S)
Jesús González scores
Pedro Martínez to third
Mark Everett to second
Pedro Martínez scores
Mark Everett to third
Batting: RHB Luis Alou 0-0: Swinging Strike
0-1: Ball
1-1: Foul Ball, location: 2F
1-2: Fielders Choice at 2nd, 6-4 (Groundball, 6)
Top of the 3rd over - 3 run(s), 2 hit(s), 0 error(s), 1 left on base; Erie 3 - Minnesota 0
BOTTOM OF THE 3RD
Minnesota Death Stars batting - Pitching for Erie Jaxx : RHP Manny Pérez
Batting: RHB Frédéric Poitras 0-0: Ball
1-0: Foul Ball, location: 2F
1-1: Ground out 5-3 (Groundball, 5)
Batting: LHB Alberto Medine 0-0: Called Strike
0-1: Ground out 4-3 (Groundball, 4)
Batting: SHB Boys van der Lack 0-0: Ball
1-0: Foul Ball, location: 2F
1-1: Ground out U3 (Groundball, 3)
Bottom of the 3rd over - 0 run(s), 0 hit(s), 0 error(s), 0 left on base; Erie 3 - Minnesota 0
TOP OF THE 4TH
Erie Jaxx batting - Pitching for Minnesota Death Stars : RHP Júlio Ruíz
Batting: RHB Bo Vickers 0-0: Ball
1-0: SINGLE (Groundball, 6M)
Batting: RHB Steve Clifton 0-0: Foul Ball, location: 2F
0-1: SINGLE (Line Drive, 8RS)
Bo Vickers to second
Batting: LHB Don Hull 0-0: Grounds out, U3 (Groundball, 3L)
Bo Vickers to third
Batting: SHB Héctor Barajas 0-0: DOUBLE (Line Drive, 7LS)
Bo Vickers scores
Steve Clifton scores
Batting: LHB Jesús González 0-0: Swinging Strike
0-1: Ball
1-1: Foul Ball, location: 2F
1-2: Ground out 1-3 (Groundball, 15)
Batting: SHB Pedro Martínez 0-0: Ball
1-0: Called Strike
1-1: Ball
Wild Pitch!
Héctor Barajas to third
2-1: Ball
3-1: 2-RUN HOME RUN (Flyball, 8RXD), Distance : 407 ft
Batting: LHB Mark Everett 0-0: Ground out 4-3 (Groundball, 4M)
Top of the 4th over - 4 run(s), 4 hit(s), 0 error(s), 0 left on base; Erie 7 - Minnesota 0
BOTTOM OF THE 4TH
Minnesota Death Stars batting - Pitching for Erie Jaxx : RHP Manny Pérez
Batting: RHB Jorge Martínez 0-0: Fly out, F3 (Popup, 3L)
Batting: LHB Chris Loudermilk 0-0: Ball
1-0: Foul Ball, location: 2F
1-1: Swinging Strike
1-2: Foul Ball, location: 2F
1-2: Strikes out swinging
Batting: RHB Manny Clemente 0-0: Ground out 5-3 (Groundball, 5S)
Bottom of the 4th over - 0 run(s), 0 hit(s), 0 error(s), 0 left on base; Erie 7 - Minnesota 0
TOP OF THE 5TH
Erie Jaxx batting - Pitching for Minnesota Death Stars : RHP Júlio Ruíz
Pitching: RHP Jacob Christian
Batting: RHB Luis Alvarado 0-0: Called Strike
0-1: SINGLE (Groundball, 6MD) (infield hit)
Batting: RHB Luis Alou 0-0: Called Strike
0-1: Foul Ball, location: 2F
0-2: Ball
1-2: Ball
2-2: Ball
3-2: Strikes out swinging
Batting: RHB Bo Vickers 0-0: Called Strike
0-1: Grounds into double play, 1-6-3 (Groundball, 25)
Top of the 5th over - 0 run(s), 1 hit(s), 0 error(s), 0 left on base; Erie 7 - Minnesota 0
BOTTOM OF THE 5TH
Minnesota Death Stars batting - Pitching for Erie Jaxx : RHP Manny Pérez
Batting: RHB Herb Ashley 0-0: Swinging Strike
0-1: Ball
1-1: Ball
2-1: Ball
3-1: Base on Balls
Batting: RHB John Brown 0-0: Ball
1-0: Ball
2-0: Called Strike
2-1: Foul Ball, location: 2F
2-2: Fly out, F9 (Flyball, 9M)
Batting: RHB Peter Dixon 0-0: Ball
Herb Ashley is caught stealing 2nd base
1-0: Swinging Strike
1-1: SINGLE (Groundball, 6MD)
Batting: RHB Frédéric Poitras 0-0: Called Strike
Peter Dixon steals 2nd base
0-1: SINGLE (Line Drive, 34)
Peter Dixon to third
Runner from 3rd tries for Home, SAFE, no throw or cutoff
Batting: LHB Alberto Medine 0-0: Foul Ball, location: 2F
0-1: DOUBLE (Line Drive, 9LS)
Frédéric Poitras to third
Batting: SHB Boys van der Lack 0-0: Called Strike
0-1: Swinging Strike
0-2: Strikes out swinging
Bottom of the 5th over - 1 run(s), 3 hit(s), 0 error(s), 2 left on base; Erie 7 - Minnesota 1
TOP OF THE 6TH
Erie Jaxx batting - Pitching for Minnesota Death Stars : RHP Jacob Christian
Batting: RHB Steve Clifton 0-0: Ball
1-0: Foul Ball, location: 2F
1-1: Ball
2-1: Ball
3-1: DOUBLE (Flyball, 89M)
Batting: LHB Don Hull 0-0: Ball
1-0: Ball
2-0: Called Strike
2-1: Fly out, F6 (Line Drive, 6M)
Batting: SHB Héctor Barajas 0-0: Ball
1-0: Called Strike
1-1: Swinging Strike
Passed Ball!
Steve Clifton to third
1-2: Foul Ball, location: 2F
1-2: Strikes out swinging
Batting: LHB Jesús González 0-0: Ball
1-0: Fly out, F8 (Flyball, 78XD)
Top of the 6th over - 0 run(s), 1 hit(s), 0 error(s), 1 left on base; Erie 7 - Minnesota 1
BOTTOM OF THE 6TH
Minnesota Death Stars batting - Pitching for Erie Jaxx : RHP Manny Pérez
Batting: RHB Jorge Martínez 0-0: Foul Ball, location: 2F
0-1: Ball
1-1: Foul Ball, location: 2F
1-2: Strikes out swinging
Batting: LHB Chris Loudermilk 0-0: Swinging Strike
0-1: Foul Ball, location: 2F
0-2: Ball
1-2: Ball
2-2: Strikes out swinging
Batting: RHB Manny Clemente 0-0: Called Strike
0-1: SINGLE (Line Drive, 78S)
Batting: RHB Herb Ashley 0-0: Ground out 2-3 (Groundball, 2R)
Bottom of the 6th over - 0 run(s), 1 hit(s), 0 error(s), 1 left on base; Erie 7 - Minnesota 1
TOP OF THE 7TH
Erie Jaxx batting - Pitching for Minnesota Death Stars : RHP Jacob Christian
Pitching: RHP Brian Smith
Batting: SHB Pedro Martínez 0-0: Ball
1-0: Ball
2-0: Foul Ball, location: 2F
2-1: DOUBLE (Line Drive, 8RS)
Batting: LHB Mark Everett 0-0: Ball
1-0: Called Strike
1-1: Foul Ball, location: 2F
1-2: Fly out, F6 (Popup, 6MD)
Batting: RHB Luis Alvarado 0-0: Called Strike
0-1: Called Strike
0-2: Foul Ball, location: 2F
0-2: Ball
1-2: Ground out 5-3 (Groundball, 5S)
Pedro Martínez to third
Batting: RHB Luis Alou 0-0: Called Strike
0-1: Ball
1-1: SINGLE (Line Drive, 56)
Pedro Martínez scores
Batting: RHB Bo Vickers 0-0: Called Strike
Luis Alou steals 2nd base
0-1: Ground out 5-3 (Groundball, 56)
Top of the 7th over - 1 run(s), 2 hit(s), 0 error(s), 1 left on base; Erie 8 - Minnesota 1
BOTTOM OF THE 7TH
Minnesota Death Stars batting - Pitching for Erie Jaxx : RHP Manny Pérez
Batting: RHB John Brown 0-0: Ball
1-0: Fly out, F6 (Popup, 6D)
Batting: RHB Peter Dixon 0-0: Ball
1-0: Swinging Strike
1-1: Ball
2-1: Ball
3-1: Foul Ball, location: 2F
3-2: SINGLE (Line Drive, 6M)
Batting: RHB Frédéric Poitras 0-0: Foul Ball, location: 2F
0-1: Called Strike
0-2: Strikes out swinging
Batting: LHB Alberto Medine 0-0: Ball
1-0: Foul Ball, location: 2F
1-1: Ball
2-1: Called Strike
2-2: Foul Ball, location: 2F
2-2: Ball
3-2: Base on Balls
Peter Dixon to second
Pitching: LHP Dexter Browning
Batting: SHB Boys van der Lack 0-0: Ball
1-0: Swinging Strike
1-1: Fielders Choice at 2nd, 6-4 (Groundball, 6)
Bottom of the 7th over - 0 run(s), 1 hit(s), 0 error(s), 1 left on base; Erie 8 - Minnesota 1
TOP OF THE 8TH
Erie Jaxx batting - Pitching for Minnesota Death Stars : RHP Brian Smith
Batting: RHB Steve Clifton 0-0: SOLO HOME RUN (Flyball, 7D), Distance : 377 ft
Batting: LHB Don Hull 0-0: Swinging Strike
0-1: Ball
1-1: Foul Ball, location: 2F
1-2: Foul Ball, location: 2F
1-2: Fly out, F8 (Flyball, 8LM)
Batting: SHB Héctor Barajas 0-0: Called Strike
0-1: Ground out U3 (Groundball, 3S)
Batting: LHB Jesús González 0-0: Called Strike
0-1: Called Strike
0-2: Ball
1-2: Ball
2-2: Strikes out swinging
Top of the 8th over - 1 run(s), 1 hit(s), 0 error(s), 0 left on base; Erie 9 - Minnesota 1
BOTTOM OF THE 8TH
Minnesota Death Stars batting - Pitching for Erie Jaxx : LHP Dexter Browning
Batting: RHB Jorge Martínez 0-0: Called Strike
0-1: Foul Ball, location: 2F
0-2: SINGLE (Line Drive, 7LS)
Batting: LHB Chris Loudermilk 0-0: Foul Ball, location: 2F
0-1: Foul Ball, location: 2F
0-2: Ball
1-2: Strikes out looking
Batting: RHB Manny Clemente 0-0: Ball
1-0: 2-RUN HOME RUN (Flyball, 7LD), Distance : 358 ft
Batting: RHB Herb Ashley 0-0: Ball
1-0: Ball
2-0: Swinging Strike
2-1: Ball
3-1: Base on Balls
Batting: RHB John Brown 0-0: Called Strike
0-1: SINGLE (Groundball, 56)
Herb Ashley to second
Batting: RHB Peter Dixon 0-0: Ball
1-0: Grounds into double play, 5-4-3 (Groundball, 5)
Bottom of the 8th over - 2 run(s), 3 hit(s), 0 error(s), 1 left on base; Erie 9 - Minnesota 3
TOP OF THE 9TH
Erie Jaxx batting - Pitching for Minnesota Death Stars : RHP Brian Smith
Pitching: RHP Travis Whitney
Batting: SHB Pedro Martínez 0-0: Ball
1-0: SINGLE (Groundball, 56D) (infield hit)
Batting: LHB Mark Everett 0-0: Called Strike
Pedro Martínez steals 2nd base
0-1: Called Strike
Pedro Martínez steals 3rd base
0-2: Ball
1-2: Ball
2-2: Foul Ball, location: 2F
2-2: Ground out 5-3 (Groundball, 5)
Batting: RHB Luis Alvarado 0-0: Swinging Strike
0-1: Swinging Strike
0-2: Ball
1-2: Foul Ball, location: 2F
1-2: Ball
2-2: Foul Ball, location: 2F
2-2: Reached on Error, E7 (Flyball, 78M)
Pedro Martínez scores
Batting: RHB Luis Alou 0-0: Ball
1-0: Ball
2-0: Ball
3-0: Base on Balls
Luis Alvarado to second
Batting: RHB Bo Vickers 0-0: Swinging Strike
0-1: Foul Ball, location: 2F
0-2: Ball
1-2: Strikes out looking
Batting: RHB Steve Clifton 0-0: SINGLE (Line Drive, 7S)
Luis Alvarado to third
Luis Alou to second
Runner from 3rd tries for Home, SAFE, no throw or cutoff
Batting: LHB Don Hull 0-0: Called Strike
0-1: Called Strike
0-2: Strikes out swinging
Top of the 9th over - 2 run(s), 2 hit(s), 1 error(s), 2 left on base; Erie 11 - Minnesota 3
BOTTOM OF THE 9TH
Minnesota Death Stars batting - Pitching for Erie Jaxx : LHP Dexter Browning
Now at 3B: Enrique Bermúdez
Now in LF: Félix Fernández
Batting: RHB Frédéric Poitras 0-0: Ball
1-0: Ball
2-0: Ground out 4-3 (Groundball, 4M)
Batting: LHB Alberto Medine 0-0: Ball
1-0: Called Strike
1-1: Ground out 1-3 (Groundball, 25)
Batting: SHB Boys van der Lack 0-0: Swinging Strike
0-1: DOUBLE (Line Drive, 9LM)
Batting: RHB Jorge Martínez 0-0: Foul Ball, location: 2F
0-1: Called Strike
0-2: Foul Ball, location: 2F
0-2: Foul Ball, location: 2F
0-2: Ball
1-2: Ball
2-2: SINGLE (Popup, 34D)
Boys van der Lack to third
Runner from 3rd tries for Home, SAFE, no throw or cutoff
Batting: LHB Chris Loudermilk 0-0: Called Strike
0-1: Ball
1-1: Ground out 1-3 (Groundball, 15)
Bottom of the 9th over - 1 run(s), 2 hit(s), 0 error(s), 1 left on base; Erie 11 - Minnesota 4
This league is powered by Out of the Park Baseball, the baseball management simulation game for PC, Mac and Linux
Wednesday, December 2nd, 2015 - OOTP Baseball 16.8 Build 38